 Dungeon Crawl Stone Soup version 0.20.1-1-g8b1a95d (webtiles) character file.

184 polve the Chiller (level 5, -7/35 HPs)
             Began as a Merfolk Ice Elementalist on July 22, 2017.
             Killed from afar by an orc wizard (9 damage)
             ... with a magic dart
             ... on level 4 of the Dungeon.
             The game lasted 00:03:49 (4463 turns).

polve the Chiller (Merfolk Ice Elementalist)        Turns: 4463, Time: 00:03:50

Health: -7/35      AC:  2    Str:  9    XL:     5   Next: 63%
Magic:  1/8        EV: 13    Int: 15    God:
Gold:   282        SH:  0    Dex: 14    Spells: 4/8 levels left

rFire    . . .     SeeInvis .   (no weapon)
rCold    . . .     Gourm    .   (no shield)
rNeg     . . .     Faith    .   a - +0 robe
rPois    .         Spirit   .   (no helmet)
rElec    .         Reflect  .   (no cloak)
rCorr    .         Harm     .   (no gloves)
MR       .....                  (no boots)
Stlth    +.........             (no amulet)
Regen    0.2/turn               n - ring of loudness (curse)
MPRegen  0.2/turn               (no ring)

@: very slightly contaminated
A: change form in water, swift swim, stealthy swim
a: no special abilities


You were on level 4 of the Dungeon.
You were hungry.

You visited 1 branch of the dungeon, and saw 4 of its levels.

You collected 282 gold pieces.

Inventory:

Armour
 a - a +0 robe (worn)
 g - a +0 pair of boots
Jewellery
 n - a cursed ring of loudness (left hand)
Scrolls
 d - 7 scrolls of identify {unknown}
 f - a scroll of random uselessness {unknown}
 j - a scroll of blinking {unknown}
 k - 4 scrolls of amnesia {unknown}
 l - 2 scrolls of noise {unknown}
 m - a scroll of remove curse {unknown}
 o - a scroll of fog {unknown}
 q - a scroll of immolation {unknown}
 r - a scroll of teleportation {unknown}
Potions
 e - a potion of curing {unknown}
 h - 2 potions of brilliance {unknown}
 i - a potion of resistance {unknown}
 p - 2 potions of lignification {unknown}
Books
 b - a book of Frost

   Spells                             Type                      Level
   a - Freeze                         Ice                          1
   b - Throw Frost                    Conjuration/Ice              2
   c - Ozocubu's Armour               Charms/Ice                   3
   d - Throw Icicle                   Conjuration/Ice              4
   e - Summon Ice Beast               Ice/Summoning                4
Comestibles
 c - 2 bread rations


   Skills:
 - Level 2.6 Dodging
 - Level 2.1 Stealth
 - Level 2.0 Spellcasting
   Level 0.7 Conjurations
 + Level 6.7 Ice Magic


You had 4 spell levels left.
You knew the following spells:

 Your Spells              Type           Power        Failure   Level  Hunger
a - Freeze                Ice            ###.         1%          1    #......
b - Ozocubu's Armour      Chrm/Ice       ##......     17%         3    ###....


Dungeon Overview and Level Annotations

Branches:
Dungeon (4/15)
 Temple: D:4-7

Altars:
Gozag
Kikubaaqudgha
Okawaru
Trog
Uskayaw


Message History

You kill the orc priest!
The orc wizard barely misses you.
Casting: Freeze
Confirm with . or Enter, or press ? or * to list all spells.
Aiming: Freeze
Press: ? - help, Shift-Dir - straight line, f - orc wizard
Aim: an orc wizard, wielding an enchanted dagger and wearing a robe You freeze the orc wizard.
The orc wizard is heavily wounded.
The orc wizard barely misses you.
Casting: Freeze
Confirm with . or Enter, or press ? or * to list all spells.
Aiming: Freeze
Press: ? - help, Shift-Dir - straight line, f/p - orc wizard
Aim: an orc wizard, wielding an enchanted dagger and wearing a robe (heavily wounded)
You freeze the orc wizard.
The orc wizard is almost dead.
The orc wizard casts a spell at you. The magic dart hits you!
You die...

#!.. #.. ....
###'###...
##P....##..##
#P..)...#...#
######......PP...##
.....P#_._._## ...
....).)...P#.# #o##
........######
#@)## ........#
##..# ........###
##.# ..........#
#<# ...........#
#.# ........[....
#.# .............
#.. ###.##.#####.
##. ###.##>.. ..


You could see an orc wizard.

Vanquished Creatures
  2 orc priests (D:4)
  3 adders
  An ooze (D:1)
  3 worms
  2 dart slugs
  4 leopard geckos
  3 orcs
  3 giant cockroaches
  10 goblins
  6 hobgoblins
  4 jackals (D:3)
  3 quokkas
  A ball python (D:2)
  7 bats
  9 frilled lizards
  2 kobolds
  17 rats
  A fungus (D:2)
81 creatures vanquished.

Notes
Turn   | Place    | Note
-------+----------+-------------------------------------------
     0 | D:1      | polve the Merfolk Ice Elementalist began the quest for the Orb.
     0 | D:1      | Reached XP level 1. HP: 13/13 MP: 3/3
   306 | D:1      | Reached XP level 2. HP: 19/19 MP: 3/5
   464 | D:1      | Reached skill level 4 in Ice Magic
   881 | D:1      | Reached XP level 3. HP: 22/24 MP: 0/6
   996 | D:1      | Learned a level 3 spell: Ozocubu's Armour
  1897 | D:2      | Reached skill level 5 in Ice Magic
  2340 | D:2      | Reached XP level 4. HP: 21/30 MP: 3/7
  2600 | D:3      | Found a bloodstained altar of Trog.
  3440 | D:3      | Found an opulent altar of Gozag.
  3711 | D:3      | Reached skill level 6 in Ice Magic
  3830 | D:4      | Reached XP level 5. HP: 29/35 MP: 5/8
  3920 | D:4      | Noticed a phantom
  4101 | D:4      | Found a hide-covered altar of Uskayaw.
  4103 | D:4      | Found an ancient bone altar of Kikubaaqudgha.
  4105 | D:4      | Found an iron altar of Okawaru.
  4463 | D:4      | Killed from afar by an orc wizard

Skill      XL: |  1  2  3  4 |
---------------+-------------+-----
Ice Magic      | 4 5 6 |  6.7
Dodging        | |  2.6
Stealth        | |  2.1
Spellcasting   | |  2.0
Conjurations   | |  0.7

Action                   |  1- 3 |  4- 6 || total
-------------------------+-------+-------++-------
Melee: Unarmed           |   141 |    45 ||   186
 Cast: Freeze            |    68 |    64 ||   132
 Stab: Sleeping          |     3 |       ||     3
  Eat: Chunk             |     6 |     7 ||    13
Armor: Robe              |    14 |    15 ||    29
Dodge: Dodged            |    96 |    90 ||   186
